 Dungeon Crawl Stone Soup version 0.23.1-41-g7e51ed32d8 (webtiles) character file.

Game seed: 10253192440467065138

30 Norn the Ruffian (level 3, -1/28 HPs)
             Began as a Draconian Transmuter on Mar 30, 2019.
             Was an Initiate of Makhleb.
             Slain by an adder (4 damage)
             ... on level 2 of the Dungeon.
             The game lasted 00:03:00 (1675 turns).

Norn the Ruffian (Draconian Transmuter)             Turns: 1675, Time: 00:03:00

Health: -1/28      AC:  5    Str: 12    XL:     3   Next: 3%
Magic:  6/6        EV: 12    Int: 14    God:    Makhleb [......]
Gold:   131        SH:  0    Dex: 11    Spells: 3/6 levels left

rFire    . . .     SeeInvis .     - Unarmed
rCold    . . .     Gourm    .   (no shield)
rNeg     . . .     Faith    .   (armour unavailable)
rPois    .         Spirit   .   (helmet restricted)
rElec    .         Reflect  .   (no cloak)
rCorr    .         Harm     .   (no gloves)
MR       .....                  (no boots)
Stlth    +.........             (no amulet)
HPRegen  0.09/turn              (no ring)
MPRegen  0.10/turn              (no ring)

@: lethally poisoned (-1 -> -6), appendage (expiring)
A: unfitting armour, horns 2, cold-blooded, AC +5
a: End Transformation, Renounce Religion


You were on level 2 of the Dungeon.
You worshipped Makhleb.
Makhleb was noncommittal.
You were not hungry.
You had grown temporary horns.
You visited 1 branch of the dungeon, and saw 2 of its levels.

You collected 131 gold pieces.

Inventory:

Missiles
 a - 51 arrows
 h - 41 stones (quivered)
Jewellery
 b - an uncursed amulet of the gourmand {unknown}
   (You found it on level 1 of the Dungeon)
Scrolls
 f - a scroll of remove curse {unknown}
 i - a scroll of enchant armour {unknown}
 j - a scroll of teleportation {unknown}
 k - a scroll of magic mapping {unknown}
 l - a scroll of enchant weapon {unknown}
Potions
 c - a potion of invisibility {unknown}
 d - 2 potions of curing {unknown}
 g - a potion of mutation {unknown}
 m - a potion of cancellation {unknown}
 n - 2 potions of degeneration {unknown}
 o - a potion of brilliance {unknown}
Comestibles
 e - 5 rations {!d}


   Skills:
 - Level 1.1 Fighting
 - Level 1.7 Dodging
 + Level 3.6 Unarmed Combat
 - Level 2.0 Spellcasting
 + Level 2.9 Transmutations


You had 3 spell levels left.
You knew the following spells:

 Your Spells              Type           Power        Failure   Level  Hunger
a - Beastly Appendage     Tmut           #.....       8%          1    ##.....
s - Sticks to Snakes      Tmut           #.......     11%         2    ###....

Your spell library contained the following spells:

 Spells                   Type           Power        Failure   Level  Hunger
 Spider Form              Tmut/Pois      #.........   36%         3    ####...
 Ice Form                 Ice/Tmut       #.......     78%         4    #####..
 Blade Hands              Tmut           #.........   90%         5    ######.


Dungeon Overview and Level Annotations

Branches:
Dungeon (2/15)

Altars:
Makhleb
Vehumet


Innate Abilities, Weirdness & Mutations

Your plain brown scales are hard. (AC +5)
You cannot fit into any form of body armour.
You are cold-blooded and may be slowed by cold attacks.
You have a pair of horns on your head.


Message History

There is a stone staircase leading up here.
You closely miss the adder. The adder bites you.
You are poisoned.
The adder poisons you!
You miss the adder.
You feel sick. The adder closely misses you.
You barely miss the adder. Your headbutt misses the adder.
The adder completely misses you.
You completely miss the adder.
You feel sick. The adder barely misses you.
You barely miss the adder. The adder bites you.
You are more poisoned.
The adder poisons you! The adder completely misses you.
You hit the adder.
Your tail-slap misses the adder.
You feel sick. The adder bites you but does no damage.
You closely miss the adder.
Your tail-slap misses the adder.
You feel sick. The adder bites you but does no damage.
You hit the adder. The adder bites you but does no damage.
You hit the adder but do no damage.
Your tail-slap misses the adder.
You feel sick. The adder misses you.
You hit the adder but do no damage. Your headbutt misses the adder.
You feel sick. The adder closely misses you. The adder bites you.
You are more poisoned.
The adder poisons you!
You closely miss the adder.
Your transformation is almost over.
The adder bites you.
* * * LOW HITPOINT WARNING * * *
You miss the adder. Your headbutt misses the adder.
* * * LOW HITPOINT WARNING * * *
You feel sick. The adder bites you.
* * * LOW HITPOINT WARNING * * *
You barely miss the adder.
* * * LOW HITPOINT WARNING * * *
You feel sick. The adder bites you but does no damage.
You barely miss the adder.
* * * LOW HITPOINT WARNING * * *
You feel sick. The adder bites you.
* * * LOW HITPOINT WARNING * * *
You closely miss the adder. The adder barely misses you.
The adder bites you but does no damage.
Unknown command.
You closely miss the adder.
* * * LOW HITPOINT WARNING * * *
You feel sick. The adder bites you but does no damage.
Unknown command.
You closely miss the adder. Your headbutt misses the adder.
The adder bites you but does no damage.
You closely miss the adder.
Your tail-slap misses the adder.
* * * LOW HITPOINT WARNING * * *
You feel sick. The adder bites you.
You die...

.............#
##...##......#.
...)...........
.....##..#.###
......#..#.###
.............##
....#.#.......####
.................#
.#.........##.##@#
...........##.##S#
#..###....##.##.#
.. .............
.............#
#.#.......##.# ##.
#.# #.#


You could see an adder.

Vanquished Creatures
  An ooze (D:1)
  A leopard gecko (D:1)
  4 goblins
  4 hobgoblins
  2 jackals (D:1)
  2 kobolds (D:1)
  A bat (D:1)
  2 frilled lizards (D:1)
  2 rats (D:1)
19 creatures vanquished.

Vanquished Creatures (collateral kills)
  A worm (D:2)
1 creature vanquished.

Grand Total: 20 creatures vanquished

Notes
Turn   | Place    | Note
-------+----------+-------------------------------------------
     0 | D:1      | Norn the Draconian Transmuter began the quest for the Orb.
     0 | D:1      | Reached XP level 1. HP: 16/16 MP: 3/3
   334 | D:1      | Reached XP level 2. HP: 20/23 MP: 3/5
  1147 | D:2      | Learned a level 2 spell: Sticks to Snakes
  1167 | D:2      | Found a radiant altar of Vehumet.
  1167 | D:2      | Found a burning altar of Makhleb.
  1176 | D:2      | Became a worshipper of Makhleb the Destroyer
  1499 | D:2      | Reached XP level 3. HP: 22/28 MP: 4/6
  1675 | D:2      | Slain by an adder

Action                   || total
-------------------------++-------
Melee: Unarmed           ||   100
       Tailslap          ||     8
       Headbutt          ||     4
       Kick              ||     1
       Punch             ||     1
 Cast: Beastly Appendage ||    16
       Sticks to Snakes  ||     1
 Stab: Sleeping          ||     1
  Eat: Chunk             ||     3
Armor: Skin              ||    25
Dodge: Dodged            ||    48
